 Dungeon Crawl Stone Soup version 0.23-a0-396-g5214e5f (webtiles) character file.

85 galech the Skirmisher (level 4, -3/35 HPs)
             Began as a Demonspawn Fighter on Nov 2, 2018.
             Slain by Sigmund
             ... wielding a +0 scythe
              (12 damage)
             ... on level 3 of the Dungeon.
             The game lasted 00:02:10 (1881 turns).

galech the Skirmisher (Demonspawn Fighter)          Turns: 1881, Time: 00:02:10

Health: -3/35      AC:  6    Str: 16    XL:     4   Next: 25%
Magic:  0/4        EV:  7    Int: 10    God:
Gold:   80         SH:  0    Dex: 15    Spells: 3/3 levels left

rFire    . . .     SeeInvis .   a - +0 war axe
rCold    + . .     Gourm    .   c - +0 shield
rNeg     . . .     Faith    .   b - +0 scale mail
rPois    .         Spirit   +   (no helmet)
rElec    .         Reflect  .   (no cloak)
rCorr    .         Harm     .   (no gloves)
MR       .....                  (no boots)
Stlth    ..........             (no amulet)
HPRegen  0.11/turn              (no ring)
MPRegen  0.09/turn              (no ring)

@: confused
A: thin skeletal structure 1, cold resistance 1, magic shield
a: no special abilities


You were on level 3 of the Dungeon.
You were not hungry.

You visited 1 branch of the dungeon, and saw 3 of its levels.

You collected 80 gold pieces.

Inventory:

Hand Weapons
 a - a +0 war axe (weapon)
Armour
 b - a +0 scale mail (worn)
 c - a +0 shield (worn)
Jewellery
 j - a +4 ring of intelligence {unknown}
Wands
 p - a wand of digging (5)
Scrolls
 e - 2 scrolls of remove curse {unknown}
 g - 4 scrolls of teleportation {unknown}
 k - a scroll of fog {unknown}
 m - a scroll of enchant weapon {unknown}
 n - a scroll of identify {unknown}
 o - a scroll of amnesia {unknown}
 r - a scroll of magic mapping {unknown}
Potions
 d - a potion of might
 h - 2 potions of degeneration {unknown}
 l - a potion of curing {unknown}
 q - a potion of berserk rage {unknown}
 s - a potion of flight {unknown}
Comestibles
 f - 4 rations
 i - 11 chunks of flesh


   Skills:
 + Level 3.3 Fighting
 + Level 2.7 Axes
 + Level 3.2 Armour
 + Level 0.8 Dodging
 + Level 3.1 Shields


You had 3 spell levels left.
You didn't know any spells.
Your spell library was empty.

Dungeon Overview and Level Annotations

Branches:
Dungeon (3/15)

Altars:
Makhleb
Uskayaw
Zin

Annotations:
D:3 Sigmund


Innate Abilities, Weirdness & Mutations

You have a somewhat thin skeletal structure. (Dex +2, Stealth)
Your flesh is cold resistant. (rC+)
When hurt, damage is shared between your health and your magic reserves.


Message History

No target in view!
No target in view!
No target in view!
No target in view!
No target in view!
No target in view!
No target in view!
No target in view!
No target in view!
You miss something.
You hear some strange, mumbled words.
You are confused.
You bump into the rock wall.
You hear some strange, mumbled words.
A puff of flame appears from out of thin air!
The puff of flame hits you! Something hits you!
* * * LOW HITPOINT WARNING * * *
Something hits you!
You die...

#...........
..
####.#......
.# ...####...
.# ###'# #...
.# .. #...
###.# . #### #
##.#.#
...####....###
###
.........@...+
+..
#####...{.###
### #.##
#.#.### ....
#.### ###. #.#
#.# #+#
#.##### #.#
#####.#...####
#.#
#............#
##.##


There were no monsters in sight!

Vanquished Creatures
  An adder (D:2)
  An ooze (D:2)
  2 worms
  2 dart slugs
  A leopard gecko (D:1)
  An orc (D:3)
  3 bats
  4 giant cockroaches
  8 hobgoblins
  8 jackals (D:3)
  5 kobolds
  A quokka (D:2)
  A ball python (D:2)
  4 frilled lizards
  7 goblins
  3 rats
52 creatures vanquished.

Notes
Turn   | Place    | Note
-------+----------+-------------------------------------------
     0 | D:1      | galech the Demonspawn Fighter began the quest for the Orb.
     0 | D:1      | Reached XP level 1. HP: 18/18 MP: 1/1
   336 | D:1      | Gained mutation: Your flesh is cold resistant. (rC+)
                  | [demonic ancestry]
   336 | D:1      | Reached XP level 2. HP: 24/24 MP: 2/2
   859 | D:2      | Gained mutation: When hurt, damage is shared between your
                  | health and your magic reserves. [demonic ancestry]
   859 | D:2      | Reached XP level 3. HP: 28/29 MP: 3/3
  1175 | D:2      | Found a faded altar of an unknown god.
  1175 | D:2      | Found a burning altar of Makhleb.
  1180 | D:2      | Found a glowing silver altar of Zin.
  1182 | D:2      | Found a faded altar of an unknown god.
  1184 | D:2      | Found a hide-covered altar of Uskayaw.
  1741 | D:3      | Gained mutation: You have a somewhat thin skeletal
                  | structure. (Dex +2, Stealth) [demonic ancestry]
  1741 | D:3      | Reached XP level 4. HP: 32/35 MP: 2/4
  1869 | D:3      | Noticed Sigmund
  1881 | D:3      | Slain by Sigmund

Vault maps used:
D:1:      matt_arrival_diagonals, chequers_big_river
D:2:      chequers_temple_overflow_minitemple, first_ration,
          minmay_misc_feat_encased
D:3:      kennysheep_generic_room_15, uniq_crazy_yiuf_cottage, uniq_sigmund

Skill      XL: |  1  2 |
---------------+-------+-----
Shields        | 3 |  3.1
Axes           | 2 |  2.7
Armour         | 3 |  3.2
Fighting       | |  3.3
Dodging        | |  0.8

Action                   |  1- 3 |  4- 6 || total
-------------------------+-------+-------++-------
Melee: War axe           |   116 |    24 ||   140
  Eat: Chunk             |     3 |       ||     3
Armor: Scale mail        |    53 |     7 ||    60
Dodge: Dodged            |    35 |     5 ||    40
Block: Shield            |    59 |    10 ||    69

Table legend:
 A = Non-vault XP
 B = Vault XP
 C = Vault XP percentage of total XP
 D = Non-vault monster count
 E = Vault monster count
 F = Vault count percentage of total count
                 A         B        C        D         E       F
            +---------+---------+-------+---------+---------+-------
      Total |     118 |       4 |   3.3 |      50 |       2 |   3.8
            +---------+---------+-------+---------+---------+-------
        D:1 |      19 |       0 |   0.0 |      10 |       0 |   0.0
        D:2 |      51 |       0 |   0.0 |      17 |       0 |   0.0
        D:3 |      48 |       4 |   7.7 |      23 |       2 |   8.0
            +---------+---------+-------+---------+---------+-------
